[Event "Saint Louis Blitz 2020"]
[Site "Saint Louis"]
[Date "2020.09.18"]
[Round "9"]
[White "Nepomniachtchi, Ian"]
[Black "Nakamura, Hikaru"]
[Result "1-0"]
[ECO "A01"]
[WhiteElo "2784"]
[BlackElo "2736"]
[Annotator "RC"]
[PlyCount "61"]
[EventDate "2020.09.18"]
[EventType "blitz"]
[EventCountry "USA"]
[SourceTitle "playchess.com"]
[Source "ChessBase"]
[SourceQuality "1"]
[TimeControl "300+3"]

1. b3 d5 2. Bb2 c5 3. Nf3 f6 4. e3 e5 5. d4 cxd4 6. exd4 e4 7. Nfd2 f5 8. c4 Nf6 9. Nc3 Be6 10. cxd5 Nxd5 11. Bb5+ Nc6 12. O-O Be7 13. Nc4 O-O 14. Bxc6 bxc6 15. Ne5 Nxc3 16. Bxc3 Bd5 17. f4 exf3 18. Nxf3 Bd6 19. Qd2 Rf6 20. Ne5 Bxe5 21. dxe5 Rg6 22. Rf2 Qh4 23. Re1 Re8 24. e6 Be4 25. Qd7 Rexe6 26. Qc8+ Kf7 27. Rd1 Re8 28. Rd7+ Re7 29. Rd8 Rge6 30. Rg8 Rg6 31. Rf8# 1-0

[Event "Saint Louis Blitz 2020"]
[Site "Saint Louis"]
[Date "2020.09.18"]
[Round "9"]
[White "Grischuk, Alexander"]
[Black "Aronian, Levon"]
[Result "1/2-1/2"]
[ECO "A05"]
[WhiteElo "2777"]
[BlackElo "2773"]
[Annotator "ChessBase"]
[PlyCount "93"]
[EventDate "2020.09.18"]
[EventType "blitz"]
[EventCountry "USA"]
[SourceTitle "playchess.com"]
[Source "ChessBase"]
[SourceQuality "1"]
[TimeControl "300+3"]

1. Nf3 d5 2. g3 Nf6 3. Bg2 g6 4. c4 dxc4 5. Na3 Bg7 6. Nxc4 c5 7. O-O Nc6 8. b3 O-O 9. Bb2 Be6 10. Rc1 Rc8 11. d4 cxd4 12. Nxd4 Nxd4 13. Qxd4 b6 14. Na3 Qxd4 15. Bxd4 Rfd8 16. Rxc8 Bxc8 17. e3 Ba6 18. Rc1 Ne8 19. Bxg7 Kxg7 20. Bf1 Bxf1 21. Kxf1 Rd5 22. Rc2 Nd6 23. Ke2 Ra5 24. Nb1 g5 25. h3 Kf6 26. Nd2 Ke6 27. g4 Kd7 28.
a4 f6 29. f3 Nb7 30. Ne4 Rd5 31. Rc1 Nd6 32. Nxd6 Rxd6 33. h4 h6 34. h5 Rc6 35. Rd1+ Kc7 36. Rd4 Rc5 37. Kd3 e5 38. Rc4 Rxc4 39. Kxc4 Kc6 40. b4 a6 41. b5+ axb5+ 42. axb5+ Kd6 43. e4 Ke6 44. Kb4 Kd6 45. Kc4 Ke6 46. Kb4 Kd6 47. Kc4 1/2-1/2

[Event "Saint Louis Blitz 2020"]
[Site "Saint Louis"]
[Date "2020.09.18"]
[Round "9"]
[White "So, Wesley"]
[Black "Carlsen, Magnus"]
[Result "1/2-1/2"]
[ECO "C78"]
[WhiteElo "2770"]
[BlackElo "2863"]
[Annotator "RC"]
[PlyCount "59"]
[EventDate "2020.09.18"]
[EventType "blitz"]
[EventCountry "USA"]
[SourceTitle "playchess.com"]
[Source "ChessBase"]
[SourceQuality "1"]
[TimeControl "300+3"]

1. e4 e5 2. Nf3 Nc6 3. Bb5 a6 4. Ba4 Nf6 5. O-O Bc5 6. c3 O-O 7. d4 Ba7 8. dxe5 Nxe4 9. Qd5 Nc5 10. Bc2 Ne7 11. Qd1 d5 12. exd6 Qxd6 13.
Qxd6 cxd6 14. Rd1 Bg4 15. Be3 Bxf3 16. gxf3 d5 17. Nd2 Ne6 18. Nb3 Rfd8 19. Rd2 d4 20. Nxd4 Bxd4 21. Bxd4 Nxd4 22. Rxd4 Rxd4 23. cxd4 Rd8 24. Be4 Rd7 25. Rd1 f5 26. Bb1 Kf7 27. a3 Kf6 28. Ba2 Nc6 29. d5 Ne5 30. Kg2 1/2-1/2

[Event "Saint Louis Blitz 2020"]
[Site "Saint Louis"]
[Date "2020.09.18"]
[Round "9"]
[White "Dominguez Perez, Leinier"]
[Black "Xiong, Jeffery"]
[Result "1-0"]
[ECO "B33"]
[WhiteElo "2758"]
[BlackElo "2709"]
[Annotator "ChessBase"]
[PlyCount "93"]
[EventDate "2020.09.18"]
[EventType "blitz"]
[EventCountry "USA"]
[SourceTitle "playchess.com"]
[Source "ChessBase"]
[SourceQuality "1"]
[TimeControl "300+3"]

1. e4 c5 2. Nf3 Nc6 3. d4 cxd4 4. Nxd4 Nf6 5. Nc3 e5 6.
Ndb5 d6 7. Bg5 a6 8. Na3 b5 9. Nd5 Be7 10. Bxf6 Bxf6 11. c3 Bg5 12. Nc2 Rb8 13. a4 bxa4 14. Ncb4 Nxb4 15. cxb4 O-O 16. Rxa4 a5 17. h4 Bh6 18. b5 Bd7 19. Nc3 d5 20. exd5 e4 21. Be2 e3 22. f4 g6 23. h5 Bg7 24. h6 Bh8 25. d6 Rb6 26. Rxa5 Bc8 27. d7 Bxd7 28. Ra6 Rb7 29. O-O Bxc3 30. bxc3 Bxb5 31. Rd6 Qh4 32. c4 Be8 33. c5 Qxh6 34. c6 Rc7 35. Qd5 Qg7 36. Qc5 Qb2 37. Bf3 Re7 38. c7 Bb5 39. Rd8 Ree8 40.
Qxf8+ Rxf8 41. c8=Q Rxd8 42. Qxd8+ Kg7 43. Qb6 h5 44. Kh2 e2 45. Re1 Qd2 46. Qf2 Qxf4+ 47. Kg1 1-0

[Event "Saint Louis Blitz 2020"]
[Site "Saint Louis"]
[Date "2020.09.18"]
[Round "9"]
[White "Firouzja, Alireza"]
[Black "Harikrishna, Pentala"]
[Result "1-0"]
[ECO "B12"]
[WhiteElo "2728"]
[BlackElo "2732"]
[Annotator "ChessBase"]
[PlyCount "69"]
[EventDate "2020.09.18"]
[EventType "blitz"]
[EventCountry "USA"]
[SourceTitle "playchess.com"]
[Source "ChessBase"]
[SourceQuality "1"]
[TimeControl "300+3"]

1. e4 c6 2. d4 d5 3. e5 Bf5 4. h4 h5 5. Bd3 Bxd3 6. Qxd3 Qa5+ 7. Nd2 e6 8.
Ngf3 Qa6 9. c4 Nh6 10. O-O Nf5 11. b3 c5 12. Qb1 dxc4 13. d5 c3 14. dxe6 Qxe6 15. Ng5 Qg6 16. e6 cxd2 17. exf7+ Kd7 18. Qe4 Nc6 19. Bxd2 Bd6 20. Rad1 Kc7 21. Bf4 Bxf4 22. Qxf4+ Kb6 23. Rfe1 Nfd4 24. b4 Qf6 25. bxc5+ Kb5 26. Rb1+ Ka6 27. Qg3 b5 28. cxb6 axb6 29. Qc7 Nb5 30. Rxb5 Kxb5 31. Rb1+ Nb4 32. Ne4 Qd4 33. Nd6+ Ka4 34. Qd7+ Ka3 35. Nb5+ 1-0